 Dungeon Crawl Stone Soup version 0.29-a0-275-g389c0b56f3 (webtiles) character file.

Game seed: 5041524013829591706

76 spaghetti the Skirmisher (level 4, -3/53 HPs)
             Began as an Ogre Chaos Knight on Mar 12, 2022.
             Was a Plaything of Xom.
             Slain by a sea snake (glowing shapeshifter) (6 damage)
             ... on level 6 of the Dungeon.
             The game lasted 00:02:22 (918 turns).

spaghetti the Skirmisher (Ogre Chaos Knight)         Turns: 918, Time: 00:02:23

Health: -3/53      AC:  5    Str: 18    XL:     4   Next: 32%
Magic:  4/4        EV:  9    Int: 13    God:    Xom [....*.]
Gold:   58         SH:  0    Dex:  8    Spells: 3/3 levels left

rFire   . . .      SeeInvis .   a - +0 mace (chaos) {mace}
rCold   . . .      Faith    .   (no shield)
rNeg    . . .      Spirit   .   b - +2 robe
rPois   .          Reflect  .   (helmet restricted)
rElec   .          Harm     .   (no cloak)
rCorr   .          Rampage  .   (gloves unavailable)
Will    .....                   (boots unavailable)
Stlth   +.........              (no amulet)
HPRegen 0.17/turn               (no ring)
MPRegen 0.09/turn               (no ring)

@: mighty, lethally poisoned (-3 -> -44)
A: large, unfitting armour, tough skin 1
a: Renounce Religion


You were on level 6 of the Dungeon.
You worshipped Xom.
You were a beloved toy of Xom.
You visited 2 branches of the dungeon, and saw 9 of its levels.

You collected 58 gold pieces.


Innate Abilities, Weirdness & Mutations

You are too large for most types of armour.
You have tough skin. (AC +1)


   Skills:
 + Level 6.6 Fighting
 - Level 2.6 Maces & Flails
 - Level 2.1 Dodging


You had 3 spell levels left.
You didn't know any spells.
Your spell library was empty.

Inventory:

Hand Weapons
 a - a +0 mace of chaos (weapon) {mace}
Missiles
 e - 24 stones {throwing}
Armour
 b - a +2 robe (worn)
Miscellaneous
 c - a piece from Xom's chessboard (1/15) (quivered)

Dungeon Overview and Level Annotations

Branches:
Dungeon (8/15)             Temple (1/1) D:7
   Lair: D:8-11

Altars:
Cheibriados
Dithmenos
Gozag
Kikubaaqudgha
Makhleb
Nemelex Xobeh
Okawaru
Qazlal
Ru
Sif Muna
Trog
Uskayaw
Vehumet
Wu Jian
Xom
Yredelemnul
Zin
The Shining One

Shops:
D:5 (

Annotations:
D:5 Edmund

##.......##
#......## #
#.#...##
#.###.#####
#..)..#
####>.#
#..# #S.#
#@.#
.........#
.######.##
#.# #.# #.#
..# ###


You could see a sea snake shaped shifter.


Message History

There is a staircase back to the Dungeon here.
You climb upwards.
Welcome back to the Dungeon!
There is a staircase to the Ecumenical Temple here.
You now have 52 gold pieces (gained 16).
You open the door.
You now have 58 gold pieces (gained 6).
Found a stone staircase leading up.
(D) Dungeon (T) Temple
Where to? (Enter - D:7, ? - help)
There is a stone staircase leading up here.
You climb upwards.
The shadow imp shouts!
There is a stone staircase leading down here.
A shadow imp is nearby!
Unknown command.
Unknown command.
You make a move on Xom's chessboard...
The shadow imp seems to slow down.
You make a move on Xom's chessboard...
The shadow imp resists with significant effort.
The shadow imp shouts, "Give up, thou errant toenail-biting nothing!"
You completely miss the shadow imp. The shadow imp barely misses you.
You closely miss the shadow imp. You barely miss the shadow imp.
The shadow imp hits you but does no damage.
You hit the shadow imp.
The shadow imp seems to speed up.
The shadow imp hits you but does no damage.
The shadow imp gestures at you.
Pain shoots through your body! 😕 HP[-13]
You take 13 damage, and now have 40/53 hp.
MASSIVE DAMAGE!! (PAUSE)
You hit the shadow imp.
Space warps horribly around the shadow imp!
You kill the shadow imp!
You start resting. 😎 HP[+13]
Your hp is fully restored (53).
There is a stone staircase leading down here.
You climb downwards.
There is a stone staircase leading up here.
Unknown command.
Unknown command.
An orc comes into view. It is wielding a +0 hand axe.
The orc shouts!
An orc priest comes into view. It is wielding a +0 club.
There are monsters nearby!
There are monsters nearby!
There are monsters nearby!
There is a stone staircase leading up here.
The orc closely misses you.
You climb upwards.
The iguana hisses angrily.
There is a stone staircase leading down here.
You hit the orc but do no damage. Lightning courses through the orc!!
You kill the orc!
You make a move on Xom's chessboard...
The iguana is outlined in light.
You barely miss the iguana.
The iguana bites you but does no damage.
You hit the iguana but do no damage.
The iguana changes into a glowing shapeshifter!
Xom thinks this is hilarious!
The glowing shapeshifter changes into a snapping turtle!
You barely miss the snapping turtle.
You hit the snapping turtle but do no damage.
The snapping turtle bites you!!
The snapping turtle bites you! 😮 HP[-26]
You take 26 damage, and now have 27/53 hp.
MASSIVE DAMAGE!! (PAUSE)
You aren't carrying any scrolls.
Unknown command.
Okay, then.
Press: ? - help, v - describe, . - travel
Here: a snapping turtle shaped shifter The floor.
The snapping turtle changes into a sea snake! 😮 HP[+1]
Okay, then.
You aren't carrying any scrolls.
Okay, then.
Press: ? - help, v - describe, . - travel
Here: a sea snake shaped shifter The floor.
It was a potion of might.
You feel very mighty all of a sudden.
You sock the sea snake! You burn the sea snake. The sea snake bites you!
* * * LOW HITPOINT WARNING * * *
😨 HP[-11]
You take 11 damage, and now have 17/53 hp.
MASSIVE DAMAGE!! (PAUSE)
You barely miss the sea snake. The sea snake closely misses you.
The sea snake bites you.
* * * LOW HITPOINT WARNING * * *
Unknown command.
You closely miss the sea snake. The sea snake bites you!
* * * LOW HITPOINT WARNING * * *
You are lethally poisoned!
The sea snake poisons you! The sea snake bites you.
You die...
Xom cackles wildly!

Skill      XL: |  1  2  3 |
---------------+----------+-----
Fighting       | 5 6 |  6.6
Maces & Flails | |  2.6
Dodging        | |  2.1

Action                   |  1- 3 |  4- 6 || total
-------------------------+-------+-------++-------
Melee: Mace              |    16 |    14 ||    30
       Punch             |     1 |       ||     1
Evoke: Piece from Xom's  |    15 |     3 ||    18
  Use: Scroll            |     1 |     1 ||     2
       Potion            |     1 |     1 ||     2
Armor: Robe              |    11 |     3 ||    14
Dodge: Dodged            |    18 |     3 ||    21

Levels and vault maps discovered:
D:1:      nzn_arrival_water_spiral, layout_rooms,
          shapermc_ecumenical_altar_pompeii
D:2:      layout_basic, basic_altar
D:3:      layout_rooms, mainiacjoe_overflow_alcove_1, st_stairs_4,
          chequers_serial_rivers_marsh
D:4:      layout_basic, tgw_fedhas, serial_glass, glass_columns_a,
          glass_columns_a, glass_columns_a, serial_shops, nicolae_shop_trees
D:5:      layout_cave_pools, serial_column_ruins, column_ruins_corridor_T,
          column_ruins_grid_1, column_ruins_corridor_corner,
          column_ruins_open_tiny, column_ruins_open_large,
          column_ruins_open_tiny, nicolae_stop_n_shop_1,
          uniq_crazy_yiuf_cottage, uniq_edmund
D:6:      layout_loops_ring, minmay_a_box_with_orc_wizards_in_it
D:7:      layout_basic, elyvilon_altar_1, minmay_temple_entry_stoned_glass,
          gammafunk_ghost_wrathful_warriors, uniq_pikel
D:8:      layout_basic, lemuel_tele_altar, david_lair_shrubbed,
          roderic_lattice_a, uniq_grum
Temple:   mainiacjoe_temple_coin_purse

Notes
Turn   | Place    | Note
-------+----------+-------------------------------------------
     0 | D:1      | spaghetti the Ogre Chaos Knight began the quest for the
                  | Orb.
     0 | D:1      | Reached XP level 1. HP: 24/24 MP: 1/1
     0 | D:1      | magus.rc [v1.9.6]
   223 | D:5      | Entered Level 5 of the Dungeon
   223 | D:5      | Found Halenoir's Antique Weapon Boutique.
   229 | D:6      | Noticed an iguana
   229 | D:6      | Noticed a necrophage
   250 | D:5      | Noticed a hound
   257 | D:5      | XOM: silly message
   272 | D:5      | Killed a hound
   273 | D:5      | Reached skill level 5 in Fighting
   273 | D:5      | Reached XP level 2. HP: 20/36 MP: 2/2
   273 | D:5      | Reached XP level 3. HP: 25/44 MP: 3/3
   277 | D:4      | XOM: potion effect (haste)
   281 | D:5      | HP: 11/44 [gnoll/+0 halberd (10)]
   294 | D:5      | Noticed Edmund
   295 | D:5      | XOM: potion effect (heal wounds)
   302 | D:6      | XOM: polymorph something unseen -> hound
   309 | D:6      | HP: 10/44 [hound (8)]
   314 | D:6      | Reached skill level 6 in Fighting
   314 | D:6      | Reached XP level 4. HP: 9/53 MP: 4/4
   422 | D:6      | XOM: cloud trail
   610 | D:8      | Noticed an orc warrior
   622 | D:7      | Found a staircase to the Ecumenical Temple.
   633 | Temple   | Entered the Ecumenical Temple
   909 | D:6      | Noticed a glowing shapeshifter
   909 | D:6      | an iguana changed into a glowing shapeshifter
   909 | D:6      | Noticed a snapping turtle
   909 | D:6      | a glowing shapeshifter changed into a snapping turtle
   912 | D:6      | Noticed a sea snake
   912 | D:6      | a snapping turtle changed into a sea snake
   918 | D:6      | HP: 3/53 [sea snake (glowing shapeshifter) (14)]
   918 | D:6      | Slain by a sea snake (glowing shapeshifter)

Vanquished Creatures
  2 hounds
  A shadow imp (D:6)
  A dart slug (D:4)
  2 orcs
  An endoplasm (D:4)
7 creatures vanquished.

Table legend:
 A = Non-vault XP
 B = Vault XP
 C = Vault XP percentage of total XP
 D = Non-vault monster count
 E = Vault monster count
 F = Vault count percentage of total count
                 A         B        C        D         E       F
            +---------+---------+-------+---------+---------+-------
      Total |     109 |       0 |   0.0 |       7 |       0 |   0.0
            +---------+---------+-------+---------+---------+-------
        D:4 |       6 |       0 |   0.0 |       2 |       0 |   0.0
        D:5 |      43 |       0 |   0.0 |       1 |       0 |   0.0
        D:6 |      57 |       0 |   0.0 |       3 |       0 |   0.0
        D:7 |       3 |       0 |   0.0 |       1 |       0 |   0.0
            +---------+---------+-------+---------+---------+-------

Illustrated notes

Table legend:
 A = Kills in this place as a percentage of kills in entire the game.
 B = Kills by you in this place as a percentage of kills by you in the entire game.
 C = Kills by friends in this place as a percentage of kills by friends in the entire game.
 D = Other kills in this place as a percentage of other kills in the entire game.
 E = Experience gained in this place as a percentage of experience gained in the entire game.
 F = Experience gained in this place divided by the number of levels of this place that you have seen.
                   A       B       C       D       E      F
               +-------+-------+-------+-------+-------+----------------------
         Total | 100.0 | 100.0 |   N/A |   N/A | 100.0 |  12.1
       Dungeon | 100.0 | 100.0 |   N/A |   N/A | 100.0 |  13.6
               +-------+-------+-------+-------+-------+----------------------

Table legend: (Time is in decaauts)
 A = Elapsed time spent in this place.
 B = Non-inter-level travel time spent in this place.
 C = Inter-level travel time spent in this place.
 D = Time resting spent in this place.
 E = Time spent auto-exploring this place.
 F = Levels seen in this place.
 G = Mean time per level.
                   A        B        C        D        E       F      G
               +--------+--------+--------+--------+--------+-----+--------+
         Total |    910 |    854 |     56 |    328 |    331 |   9 |  101.1 |
       Dungeon |    796 |    754 |     42 |    328 |    245 |   8 |   99.5 |
        Temple |    113 |     99 |     14 |      0 |     86 |   1 |  113.0 |
               +--------+--------+--------+--------+--------+-----+--------+

Top non-repeatable levels by time:
     D:6: 383 daAuts
     D:7: 119 daAuts
  Temple: 113 daAuts
     D:4: 101 daAuts
     D:2: 81 daAuts
     D:5: 65 daAuts
     D:3: 39 daAuts
     D:8: 2 daAuts
     D:1: 2 daAuts
